Atomiques vs Sasquatch
Created - November 17, 2019 at 09:31
Goals
|
| Atomiques |
2 |
1 |
1 |
4 |
| Sasquatch |
1 |
2 |
2 |
5 |
|
Shots
|
| Atomiques |
10 |
15 |
13 |
38 |
| Sasquatch |
7 |
15 |
19 |
41 |
|
1st period
1. Sasquatch , Matt Halischuk 5 (Mike Reilly 2) at 7:16
2. Atomiques , William Nylander 2 (Nikolaj Ehlers 7, Brandon Saad 6) at 17:41 (PP)
3. Atomiques , Dennis Everberg 5 (Travis Sanheim 11, Connor Hellebyuk) at 19:08
Penalties :
Connor Clifton (STB) for Tripping (Minor) at 10:35, Mike Reilly (Gat) for Roughing (Minor) at 17:07
2nd period
4. Sasquatch , Sergey Kalinin 3 (Patrick Wey 7) at 4:52
5. Atomiques , Christoph Bertschy 5 (Travis Sanheim 12, Taylor Beck 7) at 13:49
6. Sasquatch , Jujhar Khaira 4 (Matt Halischuk 14, Devin Shore 8) at 15:05
Penalties :
Petr Straka (Gat) for Kneeing (Minor) at 3:41, Travis Sanheim (STB) for Interference (Minor) at 4:04
3rd period
7. Atomiques , Dennis Everberg 6 (Colby Cohen 1, Brandon Saad 7) at 3:41
8. Sasquatch , Brett Pesce 1 (Petr Straka 3, Jujhar Khaira 7) at 4:46 (PP)
9. Sasquatch , Matt Halischuk 6 (Patrick Wey 8, Devin Shore 9) at 11:04
Penalties :
Travis Sanheim (STB) for Interference (Minor) at 4:03, Brandon McMillan (STB) for Hooking (Minor) at 4:13, Matt Halischuk (Gat) for Roughing (Minor) at 19:18
Goalie Stats
Connor Hellebyuk (STB), 36 saves from 41 shots - (0.878), L, 4-5-0, 59:11 minutes
Joonas Korpisalo (Gat), 34 saves from 38 shots - (0.895), W, 4-4-1, 60:00 minutes
Players Stats for Atomiques
Player Name G A P +/- PIM S H SB GA TA FO MP PP MP PK MP
------------------------------------------------------------------------------------
Bobby Farnham 0 0 0 1 0 0 0 0 0 0 0/0 7:03 0:00 0:00
Brandon McMillan 0 0 0 1 2 4 0 0 0 0 0/0 8:37 0:00 1:24
Brandon Saad 0 2 2 -2 0 3 2 1 0 0 0/0 19:52 1:14 0:40
Chris Tierney 0 0 0 -2 0 4 0 2 1 0 21/41 22:15 1:14 2:53
Christoph Bertschy 1 0 1 1 0 3 1 0 1 0 3/7 15:59 0:24 1:02
Colby Cohen 0 1 1 0 0 1 0 0 0 0 0/0 12:12 0:00 0:00
Connor Clifton 0 0 0 0 2 1 0 1 0 0 0/0 12:35 0:00 0:00
Dennis Everberg 2 0 2 -2 0 3 1 0 1 0 1/2 18:00 1:14 0:36
Jack Skille 0 0 0 1 0 2 1 0 2 1 1/2 14:09 0:00 0:00
Jacob De La Rose 0 0 0 1 0 0 0 0 0 0 0/1 7:39 0:00 0:36
John Draeger 0 0 0 -2 0 2 0 1 0 0 0/0 19:07 0:34 1:28
Matt Tennyson 0 0 0 0 0 2 2 3 0 0 0/0 30:21 1:04 3:07
Michael Chaput 0 0 0 0 0 4 2 0 0 1 3/13 13:53 0:00 0:00
Nikolaj Ehlers 0 1 1 -1 0 2 0 0 0 0 0/0 14:57 0:24 0:00
Taylor Beck 0 1 1 0 0 3 0 1 1 0 1/1 16:04 0:00 1:17
Travis Sanheim 0 2 2 1 4 1 2 2 1 0 0/0 27:18 1:03 2:01
Wiley Sherman 0 0 0 -1 0 0 0 2 0 1 0/0 18:58 0:34 2:26
William Nylander 1 0 1 0 0 3 1 0 0 0 0/0 14:17 0:24 0:00
Players Stats for Sasquatch
Player Name G A P +/- PIM S H SB GA TA FO MP PP MP PK MP
------------------------------------------------------------------------------------
Brett Kulak 0 0 0 2 0 2 0 1 0 1 0/0 11:47 0:00 0:13
Brett Pesce 1 0 1 1 0 2 1 2 1 0 0/0 19:01 1:36 0:00
Brock Trotter 0 0 0 0 0 1 2 0 0 0 1/1 7:46 0:00 0:00
Devin Shore 0 2 2 1 0 1 1 0 0 0 19/33 20:30 2:23 0:00
Dylan Sikura 0 0 0 -1 0 0 0 0 0 0 0/0 12:12 0:00 0:00
Ian Cole 0 0 0 -2 0 2 3 1 1 2 0/0 27:34 2:55 0:13
Jerry D'Amigo 0 0 0 0 0 0 0 0 0 0 0/0 7:35 0:00 0:00
Jujhar Khaira 1 1 2 2 0 6 2 3 0 0 2/4 21:53 2:04 1:32
Martin Marincin 0 0 0 0 0 1 0 0 0 1 0/0 19:09 0:04 1:25
Matt Halischuk 2 1 3 1 2 3 3 0 0 0 3/6 22:21 2:27 0:00
Mike Reilly 0 1 1 2 2 0 1 1 0 1 0/0 14:16 1:36 0:00
Patrick Wey 0 2 2 -1 0 2 2 3 1 0 0/0 28:12 2:51 1:25
Petr Straka 0 1 1 0 2 4 2 0 0 0 0/0 16:02 2:08 0:00
Quinton Howden 0 0 0 -1 0 6 1 1 0 0 3/6 13:44 0:04 0:06
Ryan Dzingel 0 0 0 0 0 7 5 0 0 1 0/0 16:11 2:23 0:00
Sergey Kalinin 1 0 1 1 0 2 1 0 0 0 9/16 16:20 0:00 1:32
T.J. Tynan 0 0 0 0 0 0 2 0 0 1 0/1 9:26 2:04 0:00
Teemu Hartikainen 0 0 0 -1 0 2 1 1 0 0 0/0 12:44 0:00 0:06
3 Stars
1 - Matt Halischuk (Gat)
2 - Jujhar Khaira (Gat)
3 - Brett Pesce (Gat)
Power Play
Atomiques - 1 on 3 Attempt(s) - 33.33%
Sasquatch - 1 on 4 Attempt(s) - 25.00%
Penalty Kill
Atomiques - 3 on 4 Attempt(s) - 75.00%
- Score 0 goal in Penalty Kill
Sasquatch - 2 on 3 Attempt(s) - 66.67%
- Score 0 goal in Penalty Kill
Team Stat
Atomiques - Hits : 12 - Faceoff Wins : 30 - Blocked Shots : 13 - Penalty Minutes : 8
Sasquatch - Hits : 27 - Faceoff Wins : 37 - Blocked Shots : 13 - Penalty Minutes : 6
Official
Referees : Unknown
Linesman : Unknown
Game Notes
17:41 of 1st period - Atomiques goal is going for a video replay. After video review, Goal.
1:55 of 2nd period - Atomiques goal is going for a video replay. After video review, No Goal. The referee deems the play has been stopped, even if he had not physically had the opportunity to stop play by blowing his whistle.
Finance
Level 1 -- Attendance: 1452 (72.60%) -- Ticket Income $58,080
Level 2 -- Attendance: 792 (79.20%) -- Ticket Income $15,840
Total Attendance: 2244 (74.80%)
Total Ticket Income: $73,920
Other Income: $3,696
Total Income: $77,616
Atomiques
5 vs 5 Forward
Center Left Wing Right Wing Time % Phy DF OF
1 Chris Tierney Brandon Saad Dennis Everberg 35 0 2 3
2 Michael Chaput Nikolaj Ehlers William Nylander 30 0 1 4
3 Christoph Bertschy Taylor Beck Jack Skille 30 1 2 2
4 Jacob De La Rose Brandon McMillan Bobby Farnham 5 1 2 2
5 vs 5 Defense
Defense Defense Time % Phy DF OF
1 Travis Sanheim Matt Tennyson 40 0 2 3
2 Wiley Sherman John Draeger 30 0 2 3
3 Colby Cohen Connor Clifton 20 1 2 2
4 Travis Sanheim Matt Tennyson 10 1 2 2
PowerPlay Forward
Center Left Wing Right Wing Time % Phy DF OF
1 Chris Tierney Brandon Saad Dennis Everberg 60 1 2 2
2 Christoph Bertschy Nikolaj Ehlers William Nylander 40 1 2 2
PowerPlay Defense
Defense Defense Time % Phy DF OF
1 Travis Sanheim Matt Tennyson 60 1 2 2
2 Wiley Sherman John Draeger 40 1 2 2
Penalty Kill 4 Players Forward
Center Wing Time % Phy DF OF
1 Chris Tierney Brandon McMillan 60 1 3 1
2 Jacob De La Rose Dennis Everberg 40 1 3 1
Penalty Kill 4 Players Defense
Defense Defense Time % Phy DF OF
1 Travis Sanheim Matt Tennyson 60 1 3 1
2 Wiley Sherman John Draeger 40 1 3 1
Penalty Kill - 3 Players Forward
Forward Time % Phy DF OF
1 Chris Tierney 60 1 3 1
2 Jacob De La Rose 40 1 3 1
Penalty Kill - 3 Players Defense
Defense Defense Time % Phy DF OF
1 Travis Sanheim Matt Tennyson 60 1 3 1
2 Wiley Sherman John Draeger 40 1 3 1
4 vs 4 Forward
Center Wing Time % Phy DF OF
1 Chris Tierney Brandon Saad 60 0 2 3
2 Taylor Beck Nikolaj Ehlers 40 0 1 4
4 vs 4 Defense
Defense Defense Time % Phy DF OF
1 Travis Sanheim Matt Tennyson 60 0 2 3
2 Wiley Sherman John Draeger 40 0 2 3
Last Minutes Offensive
Center Left Wing Right Wing Defense Defense
Chris Tierney Brandon Saad Nikolaj Ehlers Travis Sanheim Matt Tennyson
Last Minutes Defensive
Center Left Wing Right Wing Defense Defense
Chris Tierney Brandon McMillan Dennis Everberg John Draeger Wiley Sherman
Goaltenders
Starting : Connor Hellebyuk
Backup : Thatcher Demko
Extra Forwards
Normal : Taylor Beck, Brandon Saad, William Nylander - PP : William Nylander, Dennis Everberg - PK : Brandon McMillan
Extra Defensemen
Normal : John Draeger, Wiley Sherman, Matt Tennyson - PP : Travis Sanheim - PK : Wiley Sherman, Travis Sanheim
Penalty Shots
Taylor Beck, Christoph Bertschy, William Nylander, Dennis Everberg, Nikolaj Ehlers
Scratches
Mike Halmo (Healthy), Freddie Hamilton (Healthy), Max McCormick (Healthy), Dalton Smith (Healthy), Joseph Cramarossa (Healthy)
Carl Dahlstrom (Healthy), Anthony Nigro (Healthy), Axel Holmstrom (Healthy), Eric Mestery (Healthy), Keegan Iverson (Healthy)
Andrew Hammond (Healthy)
Sasquatch
5 vs 5 Forward
Center Left Wing Right Wing Time % Phy DF OF
1 Devin Shore Jujhar Khaira Matt Halischuk 40 1 2 2
2 Sergey Kalinin Ryan Dzingel Petr Straka 30 1 2 2
3 Quinton Howden Teemu Hartikainen Dylan Sikura 20 1 2 2
4 T.J. Tynan Brock Trotter Jerry D'Amigo 10 1 2 2
5 vs 5 Defense
Defense Defense Time % Phy DF OF
1 Ian Cole Patrick Wey 40 1 2 2
2 Brett Pesce Martin Marincin 30 1 2 2
3 Mike Reilly Brett Kulak 20 1 2 2
4 Ian Cole Patrick Wey 10 1 2 2
PowerPlay Forward
Center Left Wing Right Wing Time % Phy DF OF
1 Devin Shore Ryan Dzingel Matt Halischuk 60 1 2 2
2 T.J. Tynan Jujhar Khaira Petr Straka 40 1 2 2
PowerPlay Defense
Defense Defense Time % Phy DF OF
1 Ian Cole Patrick Wey 60 1 2 2
2 Mike Reilly Brett Pesce 40 1 2 2
Penalty Kill 4 Players Forward
Center Wing Time % Phy DF OF
1 Sergey Kalinin Jujhar Khaira 60 1 2 2
2 Quinton Howden Teemu Hartikainen 40 1 2 2
Penalty Kill 4 Players Defense
Defense Defense Time % Phy DF OF
1 Patrick Wey Martin Marincin 60 1 2 2
2 Brett Kulak Ian Cole 40 1 2 2
Penalty Kill - 3 Players Forward
Forward Time % Phy DF OF
1 Sergey Kalinin 60 1 2 2
2 Quinton Howden 40 1 2 2
Penalty Kill - 3 Players Defense
Defense Defense Time % Phy DF OF
1 Ian Cole Martin Marincin 60 1 2 2
2 Patrick Wey Brett Kulak 40 1 2 2
4 vs 4 Forward
Center Wing Time % Phy DF OF
1 Quinton Howden Matt Halischuk 60 1 2 2
2 Sergey Kalinin Jujhar Khaira 40 1 2 2
4 vs 4 Defense
Defense Defense Time % Phy DF OF
1 Ian Cole Martin Marincin 60 1 2 2
2 Patrick Wey Brett Pesce 40 1 2 2
Last Minutes Offensive
Center Left Wing Right Wing Defense Defense
Devin Shore Jujhar Khaira Matt Halischuk Ian Cole Patrick Wey
Last Minutes Defensive
Center Left Wing Right Wing Defense Defense
Sergey Kalinin Teemu Hartikainen Matt Halischuk Martin Marincin Patrick Wey
Goaltenders
Starting : Joonas Korpisalo
Backup : Corey Crawford
Extra Forwards
Normal : Sergey Kalinin, Devin Shore, Petr Straka - PP : Sergey Kalinin, Quinton Howden - PK : Petr Straka
Extra Defensemen
Normal : Mike Reilly, Brett Pesce, Brett Kulak - PP : Brett Pesce - PK : Brett Pesce, Mike Reilly
Penalty Shots
Devin Shore, Matt Halischuk, Petr Straka, Brock Trotter, Ryan Dzingel
Scratches
Nikita Nesterov (Healthy), Hudson Fasching (Healthy), Christoffer Ehn (Healthy), Kevin Fiala (Healthy), Alex Lintuniemi (Healthy)
Cal Petersen (Healthy)
% Time on Ice - Atomiques
Lines # - Real PCT - Wanted PCT - Time Play
Normal Forward
1 - 32% - 35% - 16:44
2 - 27% - 30% - 13:53
3 - 27% - 30% - 14:09
4 - 14% - 5% - 7:03
Normal Defense
1 - 40% - 40% - 20:54
2 - 30% - 30% - 15:29
3 - 24% - 20% - 12:12
4 - 6% - 10% - 3:14
PP Forward
1 - 76% - 60% - 1:14
2 - 24% - 40% - 0:24
PP Defense
1 - 65% - 60% - 1:04
2 - 35% - 40% - 0:34
PK Forward
1 - 85% - 60% - 3:22
2 - 15% - 40% - 0:36
PK Defense
1 - 65% - 60% - 2:34
2 - 35% - 40% - 1:24
PK3 Forward
1 - 100% - 60% - 0:33
2 - 0% - 40% - 0:00
PK3 Defense
1 - 100% - 60% - 0:33
2 - 0% - 40% - 0:00
44 Forward
1 - 85% - 60% - 1:22
2 - 15% - 40% - 0:14
44 Defense
1 - 100% - 60% - 1:36
2 - 0% - 40% - 0:00
Last Minute Offensive - 0:26
Last Minute Defensive - 0:00
Total
Forward - 60:00
Defense - 60:00
|
% Time on Ice - Sasquatch
Lines # - Real PCT - Wanted PCT - Time Play
Normal Forward
1 - 35% - 40% - 18:07
2 - 27% - 30% - 13:55
3 - 24% - 20% - 12:12
4 - 15% - 10% - 7:35
Normal Defense
1 - 40% - 40% - 20:44
2 - 33% - 30% - 17:05
3 - 22% - 20% - 11:34
4 - 5% - 10% - 2:26
PP Forward
1 - 54% - 60% - 2:27
2 - 46% - 40% - 2:04
PP Defense
1 - 65% - 60% - 2:55
2 - 35% - 40% - 1:36
PK Forward
1 - 94% - 60% - 1:32
2 - 6% - 40% - 0:06
PK Defense
1 - 87% - 60% - 1:25
2 - 13% - 40% - 0:13
PK3 Forward
1 - 0% - 60%
2 - 0% - 40%
PK3 Defense
1 - 0% - 60%
2 - 0% - 40%
44 Forward
1 - 85% - 60% - 1:22
2 - 15% - 40% - 0:14
44 Defense
1 - 79% - 60% - 1:16
2 - 21% - 40% - 0:20
Last Minute Offensive - 0:00
Last Minute Defensive - 0:26
Total
Forward - 60:00
Defense - 60:00
|
Play-by-Play
1st period
0:01 of 1st period - Matt Halischuk wins face-off versus Chris Tierney in neutral zone.
0:16 of 1st period - Wrist shot by Brandon Saad.
0:16 of 1st period - Stopped by Joonas Korpisalo with a rebound.
2:25 of 1st period - Snap shot by Devin Shore.
2:25 of 1st period - Stopped by Connor Hellebyuk without a rebound.
2:26 of 1st period - Chris Tierney wins face-off versus Sergey Kalinin in Atomiques zone.
2:37 of 1st period - Slapshot by Dennis Everberg.
2:37 of 1st period - Shot Misses the Net.
2:51 of 1st period - Mike Reilly is hit by Travis Sanheim and loses puck.
4:11 of 1st period - Christoph Bertschy is hit by Brock Trotter and loses puck.
4:26 of 1st period - Devin Shore is hit by Michael Chaput and loses puck.
5:05 of 1st period - Slapshot by Brandon McMillan.
5:05 of 1st period - Stopped by Joonas Korpisalo without a rebound.
5:06 of 1st period - Brock Trotter wins face-off versus Jacob De La Rose in Sasquatch zone.
5:06 of 1st period - Brock Trotter is hit by Travis Sanheim.
5:40 of 1st period - Slapshot by Ryan Dzingel.
5:40 of 1st period - Shot Misses the Net.
5:56 of 1st period - Devin Shore is hit by Dennis Everberg and loses puck.
6:15 of 1st period - Slapshot by Michael Chaput.
6:15 of 1st period - Shot Misses the Net.
7:06 of 1st period - Colby Cohen is hit by Ryan Dzingel.
7:16 of 1st period - Backhand shot by Matt Halischuk.
7:16 of 1st period - Goal by Matt Halischuk - Atomiques : 0 - Sasquatch : 1.
7:17 of 1st period - Devin Shore wins face-off versus Chris Tierney in neutral zone.
7:42 of 1st period - Matt Tennyson is hit by Ian Cole and loses puck.
8:14 of 1st period - Brett Pesce is hit by Christoph Bertschy and loses puck.
8:25 of 1st period - Slapshot by Brandon Saad.
8:25 of 1st period - Deflect By Quinton Howden.
8:25 of 1st period - Shot Misses the Net.
8:25 of 1st period - Puck is out of play.
8:26 of 1st period - Devin Shore wins face-off versus Chris Tierney in Sasquatch zone.
8:26 of 1st period - Devin Shore is hit by Brandon Saad.
9:41 of 1st period - Wrist shot by Brandon McMillan.
9:41 of 1st period - Stopped by Joonas Korpisalo without a rebound.
9:42 of 1st period - Devin Shore wins face-off versus Chris Tierney in Sasquatch zone.
10:08 of 1st period - Ian Cole is hit by Matt Tennyson and loses puck.
10:33 of 1st period - Wrist shot by Ian Cole.
10:33 of 1st period - Shot Misses the Net.
10:35 of 1st period - Minor Penalty to Connor Clifton for Tripping.
10:36 of 1st period - Chris Tierney wins face-off versus Devin Shore in Atomiques zone.
10:36 of 1st period - Chris Tierney is hit by Ryan Dzingel.
11:57 of 1st period - Chris Tierney is hit by Ryan Dzingel and loses puck.
12:35 of 1st period - Penalty to Connor Clifton is over, Connor Clifton is back on ice.
13:37 of 1st period - Slapshot by Brock Trotter.
13:37 of 1st period - Stopped by Connor Hellebyuk with a rebound.
13:51 of 1st period - Icing by Sergey Kalinin.
13:52 of 1st period - Devin Shore wins face-off versus Michael Chaput in Sasquatch zone.
14:04 of 1st period - Snap shot by Nikolaj Ehlers.
14:04 of 1st period - Stopped by Joonas Korpisalo without a rebound.
14:05 of 1st period - Sergey Kalinin wins face-off versus Christoph Bertschy in Sasquatch zone.
14:14 of 1st period - Snap shot by Petr Straka.
14:14 of 1st period - Shot Misses the Net.
14:16 of 1st period - Slapshot by Ryan Dzingel.
14:16 of 1st period - Stopped by Connor Hellebyuk with a rebound.
14:18 of 1st period - Wrist shot by Ryan Dzingel.
14:18 of 1st period - Stopped by Connor Hellebyuk without a rebound.
14:19 of 1st period - Devin Shore wins face-off versus Chris Tierney in Atomiques zone.
14:55 of 1st period - Snap shot by Sergey Kalinin.
14:55 of 1st period - Shot Misses the Net.
15:09 of 1st period - Snap shot by William Nylander.
15:09 of 1st period - Stopped by Joonas Korpisalo with a rebound.
15:17 of 1st period - Snap shot by Teemu Hartikainen.
15:17 of 1st period - Shot Misses the Net.
16:17 of 1st period - Wrist shot by Ryan Dzingel.
16:17 of 1st period - Stopped by Connor Hellebyuk with a rebound.
16:45 of 1st period - Slapshot by Michael Chaput.
16:45 of 1st period - Shot Blocked by Quinton Howden.
16:55 of 1st period - Wrist shot by Quinton Howden.
16:55 of 1st period - Stopped by Connor Hellebyuk with a rebound.
17:07 of 1st period - Minor Penalty to Mike Reilly for Roughing.
17:08 of 1st period - Chris Tierney wins face-off versus Sergey Kalinin in Sasquatch zone.
17:11 of 1st period - Snap shot by Brandon Saad.
17:11 of 1st period - Stopped by Joonas Korpisalo without a rebound.
17:12 of 1st period - Chris Tierney wins face-off versus Sergey Kalinin in Sasquatch zone.
17:21 of 1st period - Wrist shot by Chris Tierney.
17:21 of 1st period - Stopped by Joonas Korpisalo with a rebound.
17:39 of 1st period - Slapshot by William Nylander.
17:39 of 1st period - Stopped by Joonas Korpisalo with a rebound.
17:41 of 1st period - Wrist shot by William Nylander.
17:41 of 1st period - Atomiques goal is going for a video replay.
17:41 of 1st period - The goal is good.
17:41 of 1st period - Goal by William Nylander - Atomiques : 1 - Sasquatch : 1.
17:42 of 1st period - Devin Shore wins face-off versus Chris Tierney in neutral zone.
17:45 of 1st period - Chris Tierney is hit by Jujhar Khaira.
17:53 of 1st period - Snap shot by Devin Shore.
17:53 of 1st period - Shot Blocked by Brandon Saad.
18:07 of 1st period - Matt Tennyson is hit by Ryan Dzingel and loses puck.
18:32 of 1st period - Slapshot by Teemu Hartikainen.
18:32 of 1st period - Shot Misses the Net.
18:34 of 1st period - Slapshot by Teemu Hartikainen.
18:34 of 1st period - Shot Misses the Net.
19:08 of 1st period - Wrist shot by Dennis Everberg.
19:08 of 1st period - Goal by Dennis Everberg - Atomiques : 2 - Sasquatch : 1.
19:09 of 1st period - Michael Chaput wins face-off versus Devin Shore in neutral zone.
Goals for this period are 2 for Atomiques vs 1 for Sasquatch.
Shots for this period are 10 for Atomiques vs 7 for Sasquatch.
2nd period
0:01 of 2nd period - Devin Shore wins face-off versus Chris Tierney in neutral zone.
1:33 of 2nd period - Wrist shot by Matt Halischuk.
1:33 of 2nd period - Stopped by Connor Hellebyuk with a rebound.
1:53 of 2nd period - Wrist shot by Dennis Everberg.
1:53 of 2nd period - Stopped by Joonas Korpisalo with a rebound.
1:55 of 2nd period - Wrist shot by Chris Tierney.
1:55 of 2nd period - Atomiques goal is going for a video replay.
1:55 of 2nd period - The goal is refused. The referee deems the play has been stopped, even if he had not physically had the opportunity to stop play by blowing his whistle..
1:56 of 2nd period - Sergey Kalinin wins face-off versus Chris Tierney in Sasquatch zone.
2:07 of 2nd period - Snap shot by Ryan Dzingel.
2:07 of 2nd period - Shot Blocked by Wiley Sherman.
2:09 of 2nd period - Snap shot by Brett Pesce.
2:09 of 2nd period - Shot Misses the Net.
2:11 of 2nd period - Wrist shot by Petr Straka.
2:11 of 2nd period - Stopped by Connor Hellebyuk with a rebound.
2:30 of 2nd period - Slapshot by Michael Chaput.
2:30 of 2nd period - Stopped by Joonas Korpisalo with a rebound.
2:44 of 2nd period - Snap shot by Quinton Howden.
2:44 of 2nd period - Stopped by Connor Hellebyuk without a rebound.
2:45 of 2nd period - Christoph Bertschy wins face-off versus Quinton Howden in Atomiques zone.
3:06 of 2nd period - Slapshot by Teemu Hartikainen.
3:06 of 2nd period - Shot Misses the Net.
3:14 of 2nd period - Snap shot by Teemu Hartikainen.
3:14 of 2nd period - Stopped by Connor Hellebyuk without a rebound.
3:15 of 2nd period - Chris Tierney wins face-off versus Devin Shore in Atomiques zone.
3:41 of 2nd period - Minor Penalty to Petr Straka for Kneeing.
3:42 of 2nd period - Jujhar Khaira wins face-off versus Chris Tierney in Sasquatch zone.
3:51 of 2nd period - Slapshot by Travis Sanheim.
3:51 of 2nd period - Shot Blocked by Patrick Wey.
3:53 of 2nd period - Slapshot by Travis Sanheim.
3:53 of 2nd period - Shot Blocked by Patrick Wey.
3:55 of 2nd period - Slapshot by Chris Tierney.
3:55 of 2nd period - Shot Blocked by Patrick Wey.
3:57 of 2nd period - Slapshot by Travis Sanheim.
3:57 of 2nd period - Deflect By Dennis Everberg.
3:57 of 2nd period - Shot Blocked by Jujhar Khaira.
3:57 of 2nd period - Puck is out of play.
3:58 of 2nd period - Sergey Kalinin wins face-off versus Dennis Everberg in Sasquatch zone.
3:58 of 2nd period - Sergey Kalinin is hit by Brandon Saad.
4:04 of 2nd period - Minor Penalty to Travis Sanheim for Interference.
4:05 of 2nd period - Chris Tierney wins face-off versus Matt Halischuk in Atomiques zone.
4:16 of 2nd period - Wrist shot by Matt Halischuk.
4:16 of 2nd period - Shot Blocked by Matt Tennyson.
4:52 of 2nd period - Wrist shot by Sergey Kalinin.
4:52 of 2nd period - Goal by Sergey Kalinin - Atomiques : 2 - Sasquatch : 2.
4:53 of 2nd period - Quinton Howden wins face-off versus Chris Tierney in neutral zone.
4:58 of 2nd period - Slapshot by Quinton Howden.
4:58 of 2nd period - Stopped by Connor Hellebyuk with a rebound.
5:00 of 2nd period - Wrist shot by Matt Halischuk.
5:00 of 2nd period - Deflect By Quinton Howden.
5:00 of 2nd period - Shot Misses the Net.
5:00 of 2nd period - Puck is out of play.
5:01 of 2nd period - Chris Tierney wins face-off versus Quinton Howden in Atomiques zone.
5:16 of 2nd period - Snap shot by Chris Tierney.
5:16 of 2nd period - Shot Misses the Net.
5:41 of 2nd period - Penalty to Petr Straka is over, Petr Straka is back on ice.
5:44 of 2nd period - Snap shot by Petr Straka.
5:44 of 2nd period - Stopped by Connor Hellebyuk without a rebound.
5:45 of 2nd period - Chris Tierney wins face-off versus Jujhar Khaira in Atomiques zone.
5:51 of 2nd period - Icing by Petr Straka.
5:52 of 2nd period - Chris Tierney wins face-off versus T.J. Tynan in Sasquatch zone.
5:55 of 2nd period - Snap shot by Brandon McMillan.
5:55 of 2nd period - Stopped by Joonas Korpisalo with a rebound.
6:04 of 2nd period - Penalty to Travis Sanheim is over, Travis Sanheim is back on ice.
6:17 of 2nd period - Snap shot by Matt Tennyson.
6:17 of 2nd period - Stopped by Joonas Korpisalo with a rebound.
7:03 of 2nd period - Off-side.
7:04 of 2nd period - Quinton Howden wins face-off versus Michael Chaput in neutral zone.
7:30 of 2nd period - Matt Halischuk is hit by Jack Skille and loses puck.
7:51 of 2nd period - John Draeger is hit by Sergey Kalinin and loses puck.
9:11 of 2nd period - Slapshot by Petr Straka.
9:11 of 2nd period - Stopped by Connor Hellebyuk without a rebound.
9:12 of 2nd period - Sergey Kalinin wins face-off versus Chris Tierney in Atomiques zone.
9:15 of 2nd period - Snap shot by Ryan Dzingel.
9:15 of 2nd period - Shot Blocked by Chris Tierney.
9:33 of 2nd period - Patrick Wey is hit by Matt Tennyson and loses puck.
9:48 of 2nd period - Wrist shot by Petr Straka.
9:48 of 2nd period - Deflect By Sergey Kalinin.
9:48 of 2nd period - Shot Blocked by Connor Clifton.
9:48 of 2nd period - Puck is out of play.
9:49 of 2nd period - Devin Shore wins face-off versus Michael Chaput in Atomiques zone.
10:21 of 2nd period - Snap shot by Teemu Hartikainen.
10:21 of 2nd period - Stopped by Connor Hellebyuk without a rebound.
10:22 of 2nd period - Chris Tierney wins face-off versus Sergey Kalinin in Atomiques zone.
10:56 of 2nd period - Slapshot by Ian Cole.
10:56 of 2nd period - Stopped by Connor Hellebyuk with a rebound.
11:27 of 2nd period - Brandon McMillan is hit by Brett Pesce and loses puck.
11:48 of 2nd period - Slapshot by Martin Marincin.
11:48 of 2nd period - Stopped by Connor Hellebyuk without a rebound.
11:49 of 2nd period - Devin Shore wins face-off versus Chris Tierney in Atomiques zone.
11:58 of 2nd period - Wrist shot by Brandon Saad.
11:58 of 2nd period - Shot Blocked by Ian Cole.
12:00 of 2nd period - Slapshot by Connor Clifton.
12:00 of 2nd period - Stopped by Joonas Korpisalo without a rebound.
12:01 of 2nd period - Matt Halischuk wins face-off versus Michael Chaput in Sasquatch zone.
12:37 of 2nd period - Wrist shot by Ryan Dzingel.
12:37 of 2nd period - Stopped by Connor Hellebyuk with a rebound.
13:03 of 2nd period - Snap shot by Chris Tierney.
13:03 of 2nd period - Shot Blocked by Brett Kulak.
13:05 of 2nd period - Slapshot by John Draeger.
13:05 of 2nd period - Stopped by Joonas Korpisalo without a rebound.
13:06 of 2nd period - Christoph Bertschy wins face-off versus Matt Halischuk in Sasquatch zone.
13:09 of 2nd period - Snap shot by Taylor Beck.
13:09 of 2nd period - Stopped by Joonas Korpisalo without a rebound.
13:10 of 2nd period - Jack Skille wins face-off versus Devin Shore in Sasquatch zone.
13:25 of 2nd period - Slapshot by Christoph Bertschy.
13:25 of 2nd period - Stopped by Joonas Korpisalo with a rebound.
13:43 of 2nd period - Slapshot by Travis Sanheim.
13:43 of 2nd period - Stopped by Joonas Korpisalo with a rebound.
13:45 of 2nd period - Snap shot by Matt Tennyson.
13:45 of 2nd period - Deflect By Taylor Beck.
13:45 of 2nd period - Stopped by Joonas Korpisalo with a rebound.
13:47 of 2nd period - Slapshot by Travis Sanheim.
13:47 of 2nd period - Shot Misses the Net.
13:49 of 2nd period - Snap shot by Christoph Bertschy.
13:49 of 2nd period - Goal by Christoph Bertschy - Atomiques : 3 - Sasquatch : 2.
13:50 of 2nd period - Devin Shore wins face-off versus Michael Chaput in neutral zone.
14:01 of 2nd period - Snap shot by Nikolaj Ehlers.
14:01 of 2nd period - Shot Misses the Net.
14:31 of 2nd period - Wrist shot by William Nylander.
14:31 of 2nd period - Deflect By Michael Chaput.
14:31 of 2nd period - Stopped by Joonas Korpisalo with a rebound.
15:01 of 2nd period - Off-side.
15:02 of 2nd period - Devin Shore wins face-off versus Chris Tierney in neutral zone.
15:05 of 2nd period - Wrist shot by Jujhar Khaira.
15:05 of 2nd period - Goal by Jujhar Khaira - Atomiques : 3 - Sasquatch : 3.
15:06 of 2nd period - Chris Tierney wins face-off versus Devin Shore in neutral zone.
15:14 of 2nd period - Wrist shot by Jujhar Khaira.
15:14 of 2nd period - Stopped by Connor Hellebyuk with a rebound.
15:16 of 2nd period - Wrist shot by Patrick Wey.
15:16 of 2nd period - Shot Misses the Net.
15:32 of 2nd period - Taylor Beck is hit by Patrick Wey and loses puck.
15:58 of 2nd period - Snap shot by Quinton Howden.
15:58 of 2nd period - Shot Misses the Net.
16:00 of 2nd period - Slapshot by Brett Kulak.
16:00 of 2nd period - Deflect By Michael Chaput.
16:00 of 2nd period - Stopped by Connor Hellebyuk with a rebound.
16:14 of 2nd period - Jacob De La Rose is hit by Matt Halischuk and loses puck.
16:23 of 2nd period - Travis Sanheim is hit by Matt Halischuk and loses puck.
16:55 of 2nd period - Off-side.
16:56 of 2nd period - Sergey Kalinin wins face-off versus Christoph Bertschy in neutral zone.
18:51 of 2nd period - Off-side.
18:52 of 2nd period - Christoph Bertschy wins face-off versus Devin Shore in neutral zone.
19:23 of 2nd period - Wrist shot by Nikolaj Ehlers.
19:23 of 2nd period - Stopped by Joonas Korpisalo without a rebound.
19:24 of 2nd period - Chris Tierney wins face-off versus Devin Shore in Sasquatch zone.
19:33 of 2nd period - Wrist shot by Brandon Saad.
19:33 of 2nd period - Shot Misses the Net.
19:35 of 2nd period - Snap shot by Brandon Saad.
19:35 of 2nd period - Stopped by Joonas Korpisalo without a rebound.
19:36 of 2nd period - Devin Shore wins face-off versus Christoph Bertschy in Sasquatch zone.
Goals for this period are 1 for Atomiques vs 2 for Sasquatch.
Shots for this period are 15 for Atomiques vs 15 for Sasquatch.
3rd period
0:01 of 3rd period - Chris Tierney wins face-off versus Matt Halischuk in neutral zone.
0:12 of 3rd period - Slapshot by Jujhar Khaira.
0:12 of 3rd period - Shot Blocked by Matt Tennyson.
0:26 of 3rd period - Chris Tierney is hit by Ian Cole and loses puck.
0:33 of 3rd period - Snap shot by Quinton Howden.
0:33 of 3rd period - Stopped by Connor Hellebyuk with a rebound.
0:35 of 3rd period - Snap shot by Quinton Howden.
0:35 of 3rd period - Stopped by Connor Hellebyuk with a rebound.
0:37 of 3rd period - Slapshot by Brett Pesce.
0:37 of 3rd period - Stopped by Connor Hellebyuk without a rebound.
0:38 of 3rd period - Devin Shore wins face-off versus Michael Chaput in Atomiques zone.
0:41 of 3rd period - Wrist shot by Matt Halischuk.
0:41 of 3rd period - Shot Misses the Net.
0:43 of 3rd period - Slapshot by Brett Pesce.
0:43 of 3rd period - Deflect By Devin Shore.
0:43 of 3rd period - Shot Blocked by Wiley Sherman.
0:43 of 3rd period - Puck is out of play.
0:44 of 3rd period - Jujhar Khaira wins face-off versus Michael Chaput in Atomiques zone.
0:59 of 3rd period - Devin Shore is hit by William Nylander and loses puck.
1:12 of 3rd period - Slapshot by Patrick Wey.
1:12 of 3rd period - Shot Blocked by Taylor Beck.
1:14 of 3rd period - Slapshot by Patrick Wey.
1:14 of 3rd period - Deflect By Petr Straka.
1:14 of 3rd period - Stopped by Connor Hellebyuk without a rebound.
1:15 of 3rd period - Taylor Beck wins face-off versus Sergey Kalinin in Atomiques zone.
1:15 of 3rd period - Taylor Beck is hit by Mike Reilly.
1:21 of 3rd period - Backhand shot by Jack Skille.
1:21 of 3rd period - Shot Misses the Net.
1:31 of 3rd period - Wrist shot by Ryan Dzingel.
1:31 of 3rd period - Stopped by Connor Hellebyuk with a rebound.
1:39 of 3rd period - Snap shot by Sergey Kalinin.
1:39 of 3rd period - Stopped by Connor Hellebyuk with a rebound.
1:59 of 3rd period - Snap shot by Jack Skille.
1:59 of 3rd period - Stopped by Joonas Korpisalo with a rebound.
2:01 of 3rd period - Slapshot by Matt Tennyson.
2:01 of 3rd period - Shot Misses the Net.
2:05 of 3rd period - Snap shot by Jack Skille.
2:05 of 3rd period - Stopped by Joonas Korpisalo with a rebound.
2:07 of 3rd period - Slapshot by Travis Sanheim.
2:07 of 3rd period - Deflect By Jack Skille.
2:07 of 3rd period - Shot Misses the Net.
2:07 of 3rd period - Puck is out of play.
2:08 of 3rd period - Michael Chaput wins face-off versus Jujhar Khaira in Sasquatch zone.
2:32 of 3rd period - Icing by Wiley Sherman.
2:33 of 3rd period - Chris Tierney wins face-off versus Quinton Howden in Atomiques zone.
3:09 of 3rd period - Snap shot by Brandon McMillan.
3:09 of 3rd period - Shot Misses the Net.
3:11 of 3rd period - Wrist shot by Brandon McMillan.
3:11 of 3rd period - Shot Misses the Net.
3:25 of 3rd period - Snap shot by Matt Halischuk.
3:25 of 3rd period - Shot Blocked by Travis Sanheim.
3:27 of 3rd period - Snap shot by Brett Kulak.
3:27 of 3rd period - Stopped by Connor Hellebyuk with a rebound.
3:29 of 3rd period - Snap shot by Jujhar Khaira.
3:29 of 3rd period - Stopped by Connor Hellebyuk without a rebound.
3:30 of 3rd period - Dennis Everberg wins face-off versus Devin Shore in Atomiques zone.
3:35 of 3rd period - Snap shot by Dennis Everberg.
3:35 of 3rd period - Shot Blocked by Jujhar Khaira.
3:37 of 3rd period - Slapshot by Colby Cohen.
3:37 of 3rd period - Shot Misses the Net.
3:41 of 3rd period - Snap shot by Dennis Everberg.
3:41 of 3rd period - Goal by Dennis Everberg - Atomiques : 4 - Sasquatch : 3.
3:42 of 3rd period - Chris Tierney wins face-off versus Devin Shore in neutral zone.
4:03 of 3rd period - Minor Penalty to Travis Sanheim for Interference.
4:04 of 3rd period - Devin Shore wins face-off versus Chris Tierney in Atomiques zone.
4:07 of 3rd period - Snap shot by Ryan Dzingel.
4:07 of 3rd period - Stopped by Connor Hellebyuk with a rebound.
4:09 of 3rd period - Snap shot by Ryan Dzingel.
4:09 of 3rd period - Stopped by Connor Hellebyuk without a rebound.
4:10 of 3rd period - Chris Tierney wins face-off versus Devin Shore in Atomiques zone.
4:10 of 3rd period - Chris Tierney is hit by Matt Halischuk.
4:13 of 3rd period - Minor Penalty to Brandon McMillan for Hooking.
4:14 of 3rd period - Chris Tierney wins face-off versus Devin Shore in Atomiques zone.
4:14 of 3rd period - Chris Tierney is hit by Ryan Dzingel.
4:39 of 3rd period - Chris Tierney is hit by T.J. Tynan and loses puck.
4:44 of 3rd period - Snap shot by Petr Straka.
4:44 of 3rd period - Shot Blocked by Chris Tierney.
4:46 of 3rd period - Slapshot by Brett Pesce.
4:46 of 3rd period - Goal by Brett Pesce - Atomiques : 4 - Sasquatch : 4.
4:47 of 3rd period - Chris Tierney wins face-off versus Devin Shore in neutral zone.
4:56 of 3rd period - Taylor Beck is hit by Devin Shore and loses puck.
5:25 of 3rd period - Backhand shot by Petr Straka.
5:25 of 3rd period - Shot Misses the Net.
6:13 of 3rd period - Penalty to Brandon McMillan is over, Brandon McMillan is back on ice.
6:36 of 3rd period - Snap shot by Bobby Farnham.
6:36 of 3rd period - Shot Blocked by Teemu Hartikainen.
6:58 of 3rd period - Slapshot by William Nylander.
6:58 of 3rd period - Shot Blocked by Brett Pesce.
7:00 of 3rd period - Slapshot by Colby Cohen.
7:00 of 3rd period - Shot Blocked by Mike Reilly.
7:50 of 3rd period - Slapshot by Travis Sanheim.
7:50 of 3rd period - Deflect By Brandon McMillan.
7:50 of 3rd period - Stopped by Joonas Korpisalo with a rebound.
8:22 of 3rd period - Nikolaj Ehlers is hit by Patrick Wey and loses puck.
8:45 of 3rd period - John Draeger is hit by Petr Straka and loses puck.
8:56 of 3rd period - Brandon McMillan is hit by T.J. Tynan and loses puck.
9:19 of 3rd period - Colby Cohen is hit by Quinton Howden.
9:29 of 3rd period - Snap shot by Michael Chaput.
9:29 of 3rd period - Stopped by Joonas Korpisalo without a rebound.
9:30 of 3rd period - Sergey Kalinin wins face-off versus Chris Tierney in Sasquatch zone.
10:04 of 3rd period - Slapshot by Jujhar Khaira.
10:04 of 3rd period - Stopped by Connor Hellebyuk with a rebound.
10:18 of 3rd period - Colby Cohen is hit by Brock Trotter.
10:40 of 3rd period - Wrist shot by Christoph Bertschy.
10:40 of 3rd period - Stopped by Joonas Korpisalo without a rebound.
10:41 of 3rd period - Devin Shore wins face-off versus Chris Tierney in Sasquatch zone.
10:54 of 3rd period - Icing by Matt Tennyson.
10:55 of 3rd period - Devin Shore wins face-off versus Chris Tierney in Atomiques zone.
10:58 of 3rd period - Snap shot by Matt Halischuk.
10:58 of 3rd period - Shot Blocked by Travis Sanheim.
11:00 of 3rd period - Snap shot by Matt Halischuk.
11:00 of 3rd period - Shot Misses the Net.
11:02 of 3rd period - Slapshot by Patrick Wey.
11:02 of 3rd period - Shot Blocked by Matt Tennyson.
11:04 of 3rd period - Snap shot by Matt Halischuk.
11:04 of 3rd period - Goal by Matt Halischuk - Atomiques : 4 - Sasquatch : 5.
11:05 of 3rd period - Devin Shore wins face-off versus Michael Chaput in neutral zone.
11:10 of 3rd period - Wrist shot by Devin Shore.
11:10 of 3rd period - Shot Misses the Net.
11:12 of 3rd period - Snap shot by Jujhar Khaira.
11:12 of 3rd period - Shot Misses the Net.
11:16 of 3rd period - Wrist shot by Jujhar Khaira.
11:16 of 3rd period - Stopped by Connor Hellebyuk without a rebound.
11:17 of 3rd period - Chris Tierney wins face-off versus Devin Shore in Atomiques zone.
11:42 of 3rd period - Matt Tennyson is hit by Petr Straka and loses puck.
11:48 of 3rd period - Off-side.
11:49 of 3rd period - Michael Chaput wins face-off versus Sergey Kalinin in neutral zone.
11:52 of 3rd period - Slapshot by John Draeger.
11:52 of 3rd period - Shot Blocked by Brett Pesce.
11:54 of 3rd period - Snap shot by William Nylander.
11:54 of 3rd period - Shot Misses the Net.
11:56 of 3rd period - Slapshot by John Draeger.
11:56 of 3rd period - Stopped by Joonas Korpisalo with a rebound.
12:30 of 3rd period - Snap shot by Petr Straka.
12:30 of 3rd period - Deflect By Sergey Kalinin.
12:30 of 3rd period - Shot Misses the Net.
12:30 of 3rd period - Puck is out of play.
12:31 of 3rd period - Devin Shore wins face-off versus Christoph Bertschy in Atomiques zone.
12:38 of 3rd period - Christoph Bertschy is hit by Jujhar Khaira and loses puck.
13:06 of 3rd period - Slapshot by Matt Tennyson.
13:06 of 3rd period - Stopped by Joonas Korpisalo with a rebound.
13:51 of 3rd period - Off-side.
13:52 of 3rd period - Devin Shore wins face-off versus Michael Chaput in neutral zone.
13:55 of 3rd period - Snap shot by Patrick Wey.
13:55 of 3rd period - Stopped by Connor Hellebyuk with a rebound.
14:05 of 3rd period - Slapshot by Michael Chaput.
14:05 of 3rd period - Stopped by Joonas Korpisalo without a rebound.
14:06 of 3rd period - Matt Halischuk wins face-off versus Jack Skille in Sasquatch zone.
14:17 of 3rd period - Snap shot by Christoph Bertschy.
14:17 of 3rd period - Deflect By Taylor Beck.
14:17 of 3rd period - Deflect By Ian Cole.
14:17 of 3rd period - Shot Misses the Net.
14:17 of 3rd period - Puck is out of play.
14:18 of 3rd period - Chris Tierney wins face-off versus Devin Shore in Sasquatch zone.
14:19 of 3rd period - Backhand shot by Brandon Saad.
14:19 of 3rd period - Shot Blocked by Jujhar Khaira.
15:15 of 3rd period - Wrist shot by Brock Trotter.
15:15 of 3rd period - Shot Misses the Net.
15:17 of 3rd period - Snap shot by Brett Pesce.
15:17 of 3rd period - Shot Blocked by John Draeger.
15:19 of 3rd period - Wrist shot by T.J. Tynan.
15:19 of 3rd period - Shot Misses the Net.
15:29 of 3rd period - Teemu Hartikainen is hit by Michael Chaput and loses puck.
16:10 of 3rd period - Chris Tierney is hit by Ian Cole and loses puck.
17:02 of 3rd period - Wrist shot by Jack Skille.
17:02 of 3rd period - Shot Misses the Net.
17:14 of 3rd period - Backhand shot by Jujhar Khaira.
17:14 of 3rd period - Stopped by Connor Hellebyuk without a rebound.
17:15 of 3rd period - Chris Tierney wins face-off versus Sergey Kalinin in Atomiques zone.
17:17 of 3rd period - Icing by Brandon Saad.
17:18 of 3rd period - Sergey Kalinin wins face-off versus Chris Tierney in Atomiques zone.
17:58 of 3rd period - Icing by Taylor Beck.
17:59 of 3rd period - Quinton Howden wins face-off versus Michael Chaput in Atomiques zone.
18:02 of 3rd period - Snap shot by Quinton Howden.
18:02 of 3rd period - Shot Misses the Net.
18:04 of 3rd period - Backhand shot by Ian Cole.
18:04 of 3rd period - Stopped by Connor Hellebyuk with a rebound.
18:06 of 3rd period - Wrist shot by Teemu Hartikainen.
18:06 of 3rd period - Deflect By Quinton Howden.
18:06 of 3rd period - Stopped by Connor Hellebyuk with a rebound.
18:08 of 3rd period - Slapshot by Ian Cole.
18:08 of 3rd period - Shot Misses the Net.
18:14 of 3rd period - Wrist shot by Teemu Hartikainen.
18:14 of 3rd period - Shot Misses the Net.
18:28 of 3rd period - Slapshot by Colby Cohen.
18:28 of 3rd period - Stopped by Joonas Korpisalo with a rebound.
18:30 of 3rd period - Snap shot by Taylor Beck.
18:30 of 3rd period - Stopped by Joonas Korpisalo with a rebound.
18:50 of 3rd period - Snap shot by Sergey Kalinin.
18:50 of 3rd period - Shot Misses the Net.
18:52 of 3rd period - Slapshot by Patrick Wey.
18:52 of 3rd period - Stopped by Connor Hellebyuk without a rebound.
18:53 of 3rd period - Denis Savard call a timeout for Atomiques.
18:53 of 3rd period - Sergey Kalinin wins face-off versus Chris Tierney in Atomiques zone.
19:02 of 3rd period - Matt Tennyson is hit by Teemu Hartikainen and loses puck.
19:11 of 3rd period - Atomiques, Connor Hellebyuk is pulled from the net.
19:11 of 3rd period - Wrist shot by Chris Tierney.
19:11 of 3rd period - Stopped by Joonas Korpisalo with a rebound.
19:13 of 3rd period - Snap shot by Travis Sanheim.
19:13 of 3rd period - Shot Misses the Net.
19:18 of 3rd period - Minor Penalty to Matt Halischuk for Roughing.
19:19 of 3rd period - Sergey Kalinin wins face-off versus Chris Tierney in Sasquatch zone.
19:29 of 3rd period - Snap shot by Chris Tierney.
19:29 of 3rd period - Stopped by Joonas Korpisalo with a rebound.
Goals for this period are 1 for Atomiques vs 2 for Sasquatch.
Shots for this period are 13 for Atomiques vs 19 for Sasquatch.
Back to the Top